 Dungeon Crawl Stone Soup version 0.24-a0-498-ge00f04a389 (webtiles) character file.

Game seed: 7113251484195479753

86 DasRunzen the Skirmisher (level 4, -1/36 HPs)
             Began as a Demonspawn Fighter on July 14, 2019.
             Slain by a gnoll (3 damage)
             ... on level 2 of the Dungeon.
             The game lasted 00:02:21 (1492 turns).

DasRunzen the Skirmisher (Demonspawn Fighter)       Turns: 1492, Time: 00:02:21

Health: -1/36      AC:  8    Str: 18    XL:     4   Next: 26%
Magic:  4/4        EV:  7    Int:  9    God:
Gold:   65         SH:  9    Dex: 12    Spells: 3/3 levels left

rFire    x . .     SeeInvis .   a - +0 trident
rCold    + . .     Gourm    .   c - +0 shield
rNeg     . . .     Faith    .   b - +0 scale mail
rPois    .         Spirit   .   (no helmet)
rElec    .         Reflect  .   (no cloak)
rCorr    .         Harm     .   (no gloves)
MR       .....                  (no boots)
Stlth    ..........             (no amulet)
HPRegen  0.12/turn              e - ring of ice
MPRegen  0.09/turn              (no ring)

@: no status effects
A: hooves 1, icy blue scales 1, powered by pain 1
a: no special abilities


You were on level 2 of the Dungeon.
You were not hungry.

You visited 1 branch of the dungeon, and saw 2 of its levels.

You collected 65 gold pieces.

Inventory:

Hand Weapons
 a - a +0 trident (weapon)
Armour
 b - a +0 scale mail (worn)
 c - a +0 shield (worn)
Jewellery
 e - a ring of ice (left hand)
Scrolls
 g - a scroll of teleportation {unknown}
 h - a scroll of identify
Potions
 d - a potion of might
Comestibles
 f - 8 rations


   Skills:
 + Level 3.6 Fighting
 + Level 2.5 Polearms
 + Level 3.2 Armour
 + Level 3.2 Shields


You had 3 spell levels left.
You didn't know any spells.
Your spell library was empty.

Dungeon Overview and Level Annotations

Branches:
Dungeon (2/15)

Altars:
Kikubaaqudgha
Okawaru
Zin


Innate Abilities, Weirdness & Mutations

You have large cloven feet.
You are partially covered in icy blue scales. (AC +2)
You sometimes gain a little power by taking damage.


Message History

You closely miss the gnoll. Your kick misses the gnoll.
You block the gnoll's attack. The gnoll hits you but does no damage.
You hit the gnoll. Your kick misses the gnoll.
The gnoll is lightly wounded.
The gnoll hits you.
* * * LOW HITPOINT WARNING * * *
The gnoll hits you from afar with a +0 spear.
* * * LOW HITPOINT WARNING * * *
You closely miss the gnoll.
The gnoll is lightly wounded.
You block the gnoll's attack.
The gnoll hits you from afar with a +0 spear.
* * * LOW HITPOINT WARNING * * *
You closely miss the gnoll. Your kick misses the gnoll.
The gnoll is lightly wounded.
The gnoll hits you but does no damage. You block the gnoll's attack.
Unknown command.
There is a stone staircase leading up here.
The gnoll hits you.
You die...

#.#.......## #.....
#.#........# #.....
#.#....g.#.# #.....
##########.#......#.#
######
#........#.#.g....#.# _#
####+######.#)#..g...#.#
..
............#†#.g....#.#
..
.......####.#.#)g....#.#
..
.......#......'.@....###
..
.......#....#.#......#
..
.......####.#.#......#
_# ####.#.# #.#.#......#
#.#.####.#.########
#.#......#.#
#.########.# ##+######
#.# #...#...# #.# #.


You could see 4 gnolls and a goblin.

Vanquished Creatures
  3 gnolls (D:2)
  2 adders (D:2)
  2 worms (D:2)
  4 giant cockroaches (D:2)
  3 goblins
  2 hobgoblins (D:2)
  4 jackals (D:1)
  A kobold (D:1)
  A quokka (D:2)
  3 bats
  3 frilled lizards (D:2)
  5 rats
33 creatures vanquished.

Notes
Turn   | Place    | Note
-------+----------+-------------------------------------------
     0 | D:1      | DasRunzen the Demonspawn Fighter began the quest for the
                  | Orb.
     0 | D:1      | Reached XP level 1. HP: 18/18 MP: 1/1
   464 | D:1      | Gained mutation: You sometimes gain a little power by
                  | taking damage. [demonic ancestry]
   464 | D:1      | Reached XP level 2. HP: 21/24 MP: 2/2
   698 | D:2      | Found an ancient bone altar of Kikubaaqudgha.
   927 | D:2      | Found a glowing silver altar of Zin.
   936 | D:2      | Found an iron altar of Okawaru.
   991 | D:2      | Gained mutation: You are partially covered in icy blue
                  | scales. (AC +2) [demonic ancestry]
   991 | D:2      | Reached XP level 3. HP: 27/29 MP: 3/3
  1238 | D:2      | Gained mutation: You have large cloven feet. [demonic
                  | ancestry]
  1238 | D:2      | Reached XP level 4. HP: 16/35 MP: 4/4
  1480 | D:2      | HP: 1/36 [gnoll/+0 spear (1)]
  1492 | D:2      | Slain by a gnoll

Levels and vault maps discovered:
D:1:      mushboom_english_gardens, layout_loops_ring
D:2:      layout_basic, kiku_gazebo_pond_becter, nicolae_overflow_hidden_temple,
          minmay_crystal_room

Skill      XL: |  1  2 |
---------------+-------+-----
Polearms       | 2 |  2.5
Armour         | 3 |  3.2
Shields        | 3 |  3.2
Fighting       | |  3.6

Action                   |  1- 3 |  4- 6 || total
-------------------------+-------+-------++-------
Melee: Trident           |   103 |    30 ||   133
       Kick              |       |     5 ||     5
  Use: Scroll            |     2 |       ||     2
  Eat: Chunk             |     1 |     1 ||     2
Armor: Scale mail        |    37 |    16 ||    53
Dodge: Dodged            |    15 |     9 ||    24
Block: Shield            |    45 |    16 ||    61

Table legend:
 A = Non-vault XP
 B = Vault XP
 C = Vault XP percentage of total XP
 D = Non-vault monster count
 E = Vault monster count
 F = Vault count percentage of total count
                 A         B        C        D         E       F
            +---------+---------+-------+---------+---------+-------
      Total |     123 |       0 |   0.0 |      33 |       0 |   0.0
            +---------+---------+-------+---------+---------+-------
        D:1 |      15 |       0 |   0.0 |       9 |       0 |   0.0
        D:2 |     108 |       0 |   0.0 |      24 |       0 |   0.0
            +---------+---------+-------+---------+---------+-------
